 Dungeon Crawl Stone Soup version 0.21.0-24-g2553a33 (webtiles) character file.

504 Mgcat the Chopper (level 6, -1/47 HPs)
             Began as a Demonspawn Berserker on Jan 20, 2018.
             Was a Believer of Trog.
             Succumbed to a worker ant's poison
             ... on level 3 of the Dungeon on Jan 21, 2018.
             The game lasted 00:08:38 (4172 turns).

Mgcat the Chopper (Demonspawn Berserker)            Turns: 4172, Time: 00:08:39

Health: -1/47      AC:  6    Str: 17    XL:     6   Next: 96%
Magic:  6/6        EV: 10    Int:  9    God:    Trog [**....]
Gold:   145        SH:  0    Dex: 14    Spells: 5/5 levels left

rFire    + . .     SeeInvis .   a - +0 hand axe
rCold    . . .     Gourm    .   (no shield)
rNeg     . . .     Faith    .   n - +0 scale mail (curse)
rPois    .         Spirit   .   (helmet restricted)
rElec    .         Reflect  .   (no cloak)
rCorr    .         Harm     .   (no gloves)
MR       .....                  (no boots)
Stlth    ..........             (no amulet)
HPRegen  0.15/turn              (no ring)
MPRegen  0.10/turn              (no ring)

@: lethally poisoned (-1 -> -19), hasted, very quick
A: antennae 1, fire resistance 1, flame cloud immunity
a: Berserk, Trog's Hand, Burn Spellbooks, Renounce Religion


You were on level 3 of the Dungeon.
You worshipped Trog.
Trog was pleased with you.
You were not hungry.

You visited 1 branch of the dungeon, and saw 4 of its levels.

You collected 145 gold pieces.

Inventory:

Hand Weapons
 a - a +0 hand axe (weapon)
 r - a +2 flail of protection
Armour
 d - a +0 ring mail
 n - a cursed +0 scale mail (worn)
Scrolls
 b - a scroll of magic mapping {unknown}
 e - 4 scrolls of identify {unknown}
 f - 2 scrolls of blinking {unknown}
 m - a scroll of fear {unknown}
Potions
 g - a potion of mutation {unknown}
 i - a potion of might {unknown}
 j - a potion of lignification {unknown}
 k - a potion of curing {unknown}
 l - a potion of ambrosia {unknown}
 o - a potion of heal wounds {unknown}
 p - a potion of magic {unknown}
Comestibles
 c - 8 rations


   Skills:
 - Level 3.0 Fighting
 + Level 7.3 Axes
 - Level 1.7 Armour
 - Level 1.7 Dodging


You had 5 spell levels left.
You didn't know any spells.

Dungeon Overview and Level Annotations

Branches:
Dungeon (4/15)
 Temple: D:4-7

Altars:
Fedhas
Nemelex Xobeh
Uskayaw
Xom

Annotations:
D:2 1 runed door


Innate Abilities, Weirdness & Mutations

You have a pair of small antennae on your head.
Your flesh is heat resistant. (rF+)
You are immune to clouds of flame.


Message History

You feel sick. The worker ant misses you.
You barely miss the worker ant.
The worker ant is almost dead.
* * * LOW HITPOINT WARNING * * *
You feel sick. The worker ant bites you.
* * * LOW HITPOINT WARNING * * *
You are more poisoned.
The worker ant poisons you!
Unknown command.
Unknown command.
Unknown command.
It was a potion of haste.
You feel yourself speed up.
* * * LOW HITPOINT WARNING * * *
You feel sick. The worker ant closely misses you.
Unknown command.
Unknown command.
Unknown command.
You hit the worker ant but do no damage.
The worker ant is severely wounded.
You die...

##⌠.⌠#####.##........#
##......#.##........###
######.#.............####
#.#...#......##.....
#.#.#.#......##.....
#.#'#.#......##.....
###............##.....
#.'[...........##.....
#.#..@..........'.....
#.#...a........##.....
#.###'###......##.....
#.# #.# #......##.....
#.# #.# #......##.....
#.###.###########.....
#.#..............)....
#.#..............)....
#.#..............#####


You could see a worker ant.

Vanquished Creatures
  Sigmund (D:3)
  A crimson imp (D:3)
  An orc priest (D:3)
  A hound (D:3)
  Jessica (D:3)
  A hound skeleton (D:3)
  Robin (D:2)
  3 gnolls (D:3)
  7 adders
  4 worms
  The ghost of tidbits the Charmwright, a weakling GnSk (D:3)
  2 dart slugs
  3 leopard geckos
  5 orcs (D:3)
  3 ball pythons
  4 giant cockroaches
  15 goblins
  9 hobgoblins
  4 jackals (D:2)
  8 bats
  5 frilled lizards
  5 kobolds
  5 rats
  A fungus (D:2)
91 creatures vanquished.

Notes
Turn   | Place    | Note
-------+----------+-------------------------------------------
     0 | D:1      | Mgcat the Demonspawn Berserker began the quest for the Orb.
     0 | D:1      | Reached XP level 1. HP: 18/18 MP: 1/1
   219 | D:1      | Reached skill level 3 in Axes
   319 | D:1      | Gained mutation: You have a pair of small antennae on your head. [demonic ancestry]
   319 | D:1      | Reached XP level 2. HP: 17/24 MP: 2/2
   808 | D:2      | Reached XP level 3. HP: 29/29 MP: 3/3
   837 | D:2      | Reached ** piety under Trog
   849 | D:2      | Reached skill level 4 in Axes
  1352 | D:2      | Noticed Robin
  1362 | D:2      | Killed Robin
  1362 | D:2      | Reached XP level 4. HP: 35/35 MP: 4/4
  1836 | D:2      | Found a hide-covered altar of Uskayaw.
  2325 | D:2      | Found a shimmering altar of Xom.
  2433 | D:2      | Found a runed door.
  2526 | D:3      | Reached skill level 5 in Axes
  2802 | D:3      | Noticed Jessica
  2808 | D:3      | Killed Jessica
  2808 | D:3      | Gained mutation: Your flesh is heat resistant. (rF+) [demonic ancestry]
  2808 | D:3      | Reached XP level 5. HP: 41/41 MP: 5/5
  3035 | D:3      | Noticed tidbits's ghost (weakling GnSk)
  3064 | D:3      | Killed tidbits's ghost
  3248 | D:3      | Reached skill level 6 in Axes
  3353 | D:3      | Noticed Sigmund
  3360 | D:3      | Killed Sigmund
  3360 | D:3      | Gained mutation: You are immune to clouds of flame. [demonic ancestry]
  3360 | D:3      | Reached XP level 6. HP: 47/47 MP: 6/6
  3389 | D:3      | Found a sparkling altar of Nemelex Xobeh.
  3576 | D:3      | Reached skill level 7 in Axes
  4028 | D:4      | Found a blossoming altar of Fedhas.
  4170 | D:3      | HP: 2/47 [worker ant (2)]
  4172 | D:3      | Succumbed to a worker ant's poison

Skill      XL: |  1  2  3  4  5  6 |
---------------+-------------------+-----
Axes           | 3 4 5 6 7 |  7.3
Fighting       | |  3.0
Armour         | |  1.7
Dodging        | |  1.7

Action                   |  1- 3 |  4- 6 || total
-------------------------+-------+-------++-------
Melee: Hand axe          |   118 |   238 ||   356
Invok: Berserk           |     1 |     5 ||     6
       Trog's Hand       |     1 |     3 ||     4
  Use: Potion            |       |     1 ||     1
  Eat: Chunk             |     1 |    13 ||    14
       Ration            |       |     1 ||     1
Armor: Ring mail         |    39 |    25 ||    64
       Scale mail        |       |    52 ||    52
Dodge: Dodged            |    70 |   125 ||   195
